 Dungeon Crawl Stone Soup version 0.19-a0-1049-g462a813 (webtiles) character file.

32751 Jmtri7 the Pioneer (level 13, -4/96 HPs)
             Began as a Deep Dwarf Artificer on July 31, 2016.
             Was an Elder of Pakellas.
             Slain by a sixfirhy (5 damage)
             ... summoned by Frances
             ... on level 14 of the Dungeon on Aug 1, 2016.
             The game lasted 03:00:48 (17016 turns).

Jmtri7 the Pioneer (Deep Dwarf Artificer)          Turns: 17016, Time: 03:00:48

Health: -4/96      AC: 22    Str: 17    XL:     13   Next: 33%
Magic:  5/23       EV:  3    Int:  3    God:    Pakellas [****..]
Gold:   636        SH: 18    Dex: 27    Spells: 0 memorised, 12 levels left

rFire  + . .     SeeInvis .     O - +1 falchion (vamp)
rCold  . . .     Gourm    .     U - +1 chain mail {rPois}
rNeg   + . .     Faith    .     M - +6 large shield of Ignorance {rN+ AC+4 Int-6 *Curse}
rPois  +         Spirit   .     u - +2 helmet
rElec  .         Dismiss  .     L - +1 cloak
rCorr  .         Reflect  .     E - +0 pair of gloves
SustAt .         Harm     +     X - +2 pair of boots
MR     +....     NoTele   +     z - amulet of harm
Stlth  ..........               R - ring "Kasuy" {Fire -Tele Int-3 Dex+4 Slay+5}
                                i - ring "Bywkoiba" {Wiz rC+ Dex+4}

@: non-regenerating, somewhat resistant to hostile enchantments, extremely
unstealthy
A: damage resistance, recharge devices, thin skeletal structure 1, sense
surroundings 2, slow regeneration 3
a: Device Recharging, Quick Charge, Device Surge, Renounce Religion


You were on level 14 of the Dungeon.
You worshipped Pakellas.
Pakellas was greatly pleased with you.
You were full.

You visited 2 branches of the dungeon, and saw 16 of its levels.
You also visited: Labyrinth.

You collected 1061 gold pieces.
You spent 425 gold pieces at shops.

Inventory:

Hand Weapons
 a - the +7 spear of Perversion {drain, Int+4 Dex+6}
   (You found it on level 4 of the Dungeon)

   A truly terrible weapon, it drains the life of those it strikes.
   It affects your intelligence (+4).
   It affects your dexterity (+6).
 b - the +8 rapier of Terror {pierce, rN++ SInv}
   (You found it on level 4 of the Dungeon)

   It inflicts extra damage upon your enemies.
   It greatly protects you from negative energy.
   It lets you see invisible.
 j - the +0 war axe of the Whelk {drain, rElec}
   (You found it on level 13 of the Dungeon)

   A truly terrible weapon, it drains the life of those it strikes.
   It insulates you from electricity.
 F - the +6 short sword "Ygapaol" {vamp, rC+ MR+ Str-5 Int+3}
   (You found it on level 13 of the Dungeon)

   It inflicts no extra harm, but heals its wielder somewhat when it strikes a
   living foe.
   It affects your strength (-5).
   It affects your intelligence (+3).
   It protects you from cold.
   It affects your resistance to hostile enchantments.
 O - a +1 vampiric falchion (weapon)
 Z - a +2 vampiric spear
Armour
 u - a +2 helmet (worn)
 E - a +0 pair of gloves (worn)
 L - a +1 cloak (worn)
 M - the +6 large shield of Ignorance (worn) {rN+ AC+4 Int-6 *Curse}
   (You found it in a labyrinth)

   It affects your AC (+4).
   It affects your intelligence (-6).
   It protects you from negative energy.
   It may re-curse itself when equipped.
 U - a +1 chain mail of poison resistance (worn)
 X - a +2 pair of boots (worn)
Rods
 J - a +6 rod of shadows (14/14)
   (Pakellas gifted it to you in a labyrinth)
Jewellery
 i - the ring "Bywkoiba" (left hand) {Wiz rC+ Dex+4}
   (You found it in a labyrinth)

   [ring of wizardry]

   It improves your spell success rate.
   It affects your dexterity (+4).
   It protects you from cold.
 z - an amulet of harm (around neck)
 N - the ring "Xumewn" {+Fly Int+3}
   (You found it on level 12 of the Dungeon)

   [ring of flight]

   It affects your intelligence (+3).
   It lets you fly.
 R - the ring "Kasuy" (right hand) {Fire -Tele Int-3 Dex+4 Slay+5}
   (You found it on level 9 of the Dungeon)

   [ring of fire]

   It enhances your fire magic, and weakens your ice magic.
   It affects your intelligence (-3).
   It affects your dexterity (+4).
   It affects your accuracy and damage with ranged weapons and melee attacks
   (+5).
   It protects you from fire.
   It makes you vulnerable to cold.
   It prevents most forms of teleportation.
Wands
 f - a wand of heal wounds (0/9)
 g - a wand of polymorph (15/24)
 n - a wand of teleportation (7/9)
 o - a wand of flame (20/48)
 q - a wand of heal wounds (0/9)
 x - a wand of disintegration (14/24)
 y - a wand of enslavement (0/24)
 D - a wand of confusion (28/48)
 G - a wand of slowing (0/48)
 I - a wand of iceblast (7/15)
 K - a wand of digging (11/24)
 P - a wand of lightning (6/15)
 W - a wand of teleportation (3/9)
Scrolls
 m - 3 scrolls of teleportation
 p - 4 scrolls of remove curse
 t - 2 scrolls of amnesia
 w - a scroll of fog
 A - 2 scrolls of identify
 V - 2 scrolls of blinking
Potions
 d - a potion of might {unknown}
 h - 8 potions of curing
 l - 4 potions of mutation
 r - a potion of heal wounds
 s - a potion of resistance
 B - 2 potions of brilliance
Miscellaneous
 c - a fan of gales
 e - a crystal ball of energy
 Q - a box of beasts
 S - a phantom mirror
 T - a phial of floods
Comestibles
 v - 13 fruits
 C - a bread ration
 H - 5 chunks of flesh
 Y - 5 beef jerkies


   Skills:
 - Level 0.8 Fighting
 - Level 0.8 Short Blades
 - Level 2.1 Dodging
 - Level 1.2 Stealth
 + Level 25.6 Evocations


You had 12 spell levels left.
You didn't know any spells.

Dungeon Overview and Level Annotations

Branches:
Dungeon (14/15)            Temple (0/1) D:4            Lair (2/6) D:8
    Orc (0/2) D:10         Vaults (0/5) D:13
  Swamp: Lair:2-4    Shoals: Lair:2-4     Snake: Lair:2-4    Spider: Lair:2-4

Altars:
Ashenzari
Elyvilon
Fedhas
Kikubaaqudgha
Pakellas
Vehumet
Xom
The Shining One

Shops:
D:9 *   D:12 *   D:13 *

Portals:
Trove: D:12 (give +2 storm dragon armour)

Annotations:
D:14 Frances


Innate Abilities, Weirdness & Mutations

You are resistant to damage.
You can recharge devices by infusing magical energy.
You passively map the area around you.
You do not regenerate naturally.
You have a somewhat thin skeletal structure. (Dex +2, Stealth)


Message History

Zapping:
g - a wand of polymorph (16/24)
Press: ? - help, Shift-Dir - straight line, f/p - Frances
Aim: Frances, wielding a hand axe and wearing a runed ring mail (lightly wounded, chance to defeat MR: 19%) Frances resists with almost no effort.
This wand has 15 charges left.
Frances says, "There is a strange beauty in the demonic, don't you think?"
Frances whispers indecipherable words.
Frances seems to speed up.
The wyvern skeleton moves out of view.
The howler monkey hoots and howls with incredible vigour!
Frances chants phrases taken from a devil's mouth.
Frances whispers indecipherable words.
You block the shard of ice. You block the sixfirhy's attack.
Frances mutters in a terrible tongue.
The shard of ice hits you!
Ouch! That really hurt!
* * * LOW HITPOINT WARNING * * *
The sixfirhy hits you but does no damage.
The sixfirhy hits you.
You die...
Pakellas says: That's one more possible approach eliminated.

* #!...* , .#.##*, , , ... *
* ##.######## ########
#.........# ##......#
####..######.###
#.......###..h3Z##.###.#..
#..####.##..@...(...##.#?.
#...>...)@4..........#.#..
###...###<##................
#.........###..........#.#..
#.#.......# ####.........#..
#.###..#### ##.##.#####..
#.# #..# #.#### ### #.# #..#
#.# #.###..# ##'## #
#......## ##...## #


You could see Frances, a soul eater, a sixfirhy, a howler monkey and a wyvern
skeleton.

Vanquished Creatures
  Gastronok (D:9)
  A spark wasp (Lab)
  2 dancing weapons (D:13)
  3 skeletal warriors
  4 unseen horrors
  The ghost of Acetwo5 the Arsonist, a novice DEFE of Vehumet (D:8)
  5 hill giants
  An oklob plant (Lair:1)
  2 ugly things
  A griffon (D:13)
  Maurice (D:8)
  A centaur zombie (D:11)
  2 spiny frogs (Lair:1)
  A kobold demonologist (D:8)
  3 trolls
  A komodo dragon (Lair:1)
  A two-headed ogre (D:11)
  2 minotaur skeletons (Lab)
  9 slime creatures
  A hell hound (D:8)
  6 redbacks (Lab)
  A shadow (Lab)
  3 hippogriffs
  2 wraiths (D:9)
  4 yaks (D:12)
  2 basilisks
  13 hungry ghosts
  2 steam dragons (D:10)
  Menkaure (D:7)
  A mottled dragon (D:7)
  A swamp worm (D:10)
  A soldier ant (D:13)
  2 water moccasins
  A porcupine (Lair:1)
  Duvessa (D:7)
  11 orc warriors
  A black bear (Lair:1)
  2 ice beasts (D:10)
  5 phantoms
  18 ogres
  3 sky beasts
  A killer bee (D:8)
  3 necrophages
  4 wolves (Lair:1)
  9 centaurs
  5 big kobolds
  7 giant frogs
  4 gnoll sergeants
  An earth elemental (Lab)
  2 wyvern skeletons
  Dowan (D:7)
  2 scorpions
  A water moccasin skeleton (D:5)
  3 troll skeletons (Lab)
  4 spriggan skeletons (Lab)
  A wight (D:7)
  4 howler monkeys
  4 crimson imps
  7 centaur skeletons
  5 hounds
  4 lava snakes (Lab)
  A giant frog zombie (D:11)
  5 orc priests
  2 human zombies (D:9)
  8 jellies
  A gnoll shaman (D:10)
  3 giant frog skeletons
  A human skeleton (D:9)
  10 orc wizards
  Ijyb (D:3)
  5 iguanas
  5 worker ants
  2 ogre zombies (D:9)
  2 ogre skeletons (Lab)
  A hound zombie (D:8)
  3 mummies (D:9)
  A worker ant zombie (D:9)
  8 gnolls
  Robin (D:3)
  11 river rats (Lair:1)
  11 adders
  3 shadow imps
  An ooze (D:3)
  An adder skeleton (D:8)
  An adder zombie (D:6)
  3 worms (D:3)
  3 dart slugs
  7 giant geckos
  34 orcs
  6 giant cockroaches
  13 goblins
  10 hobgoblins
  24 jackals
  A quokka (D:6)
  4 ball pythons
  9 bats
  A giant gecko skeleton (D:4)
  2 giant gecko zombies (D:5)
  3 giant newts
  8 kobolds
  5 rats
417 creatures vanquished.

Vanquished Creatures (collateral kills)
  An ugly thing (D:14)
  A cyclops (D:13)
  A kobold demonologist (D:8)
  A hell hound (D:8)
  A killer bee (D:8)
  2 giant frogs
  3 wights (D:7)
  An orc wizard (D:4)
  A giant frog skeleton (D:4)
  An ogre skeleton (Lab)
  4 orcs
  A giant cockroach (D:4)
  5 jackals
  2 giant newts (D:4)
  2 kobolds (D:8)
27 creatures vanquished.

Vanquished Creatures (others)
  A skeletal warrior (D:14)
  An ogre (D:10)
  An elf zombie (D:9)
  A big kobold (D:8)
  2 giant frogs (D:8)
  A gnoll sergeant (D:10)
  A killer bee (D:8)
  A troll skeleton (Lab)
  2 orc wizards
  2 worker ants
  An orc (D:4)
  An adder simulacrum (D:9)
  A quokka (D:8)
  3 fungi
19 creatures vanquished.

Grand Total: 463 creatures vanquished

Notes
Turn   | Place    | Note
-------+----------+-------------------------------------------
     0 | D:1      | Jmtri7 the Deep Dwarf Artificer began the quest for the Orb.
     0 | D:1      | Reached XP level 1. HP: 16/16 MP: 3/3
   279 | D:1      | Reached XP level 2. HP: 15/24 MP: 5/5
   499 | D:1      | Reached skill level 5 in Evocations
   996 | D:2      | Found a faded altar of an unknown god.
  1085 | D:2      | Reached XP level 3. HP: 25/30 MP: 7/7
  1526 | D:2      | Found a radiant altar of Vehumet.
  1533 | D:2      | Reached skill level 6 in Evocations
  1804 | D:3      | Found a blossoming altar of Fedhas.
  1804 | D:3      | Noticed Robin
  1829 | D:3      | Killed Robin
  1829 | D:3      | Reached XP level 4. HP: 25/37 MP: 8/8
  2115 | D:3      | Reached skill level 7 in Evocations
  2250 | D:3      | Noticed Ijyb
  2287 | D:3      | Killed Ijyb
  2394 | D:3      | Reached XP level 5. HP: 24/43 MP: 10/10
  2995 | D:4      | Reached skill level 8 in Evocations
  3023 | D:4      | Noticed an ogre
  3036 | D:4      | Killed an ogre
  3036 | D:4      | Reached skill level 9 in Evocations
  3036 | D:4      | Reached XP level 6. HP: 32/50 MP: 11/11
  3116 | D:4      | Reached skill level 10 in Evocations
  3202 | D:4      | Got a slimy spear
  3208 | D:4      | Identified the +7 spear of Perversion {drain, Int+4 Dex+6} (You found it on level 4 of the Dungeon)
  3258 | D:4      | Found an oddly glowing altar of Pakellas.
  3286 | D:4      | Became a worshipper of Pakellas the Inventive
  3308 | D:4      | Got an iridescent rapier
  3309 | D:4      | Identified the +8 rapier of Terror {pierce, rN++ SInv} (You found it on level 4 of the Dungeon)
  3376 | D:4      | Found a staircase to the Ecumenical Temple.
  3455 | D:5      | Entered Level 5 of the Dungeon
  3464 | D:5      | Reached XP level 7. HP: 28/56 MP: 13/13
  3573 | D:5      | Reached skill level 11 in Evocations
  3887 | D:5      | Reached skill level 12 in Evocations
  3897 | D:5      | Reached XP level 8. HP: 48/63 MP: 15/15
  3927 | D:5      | Reached skill level 13 in Evocations
  4396 | D:6      | Reached * piety under Pakellas
  4396 | D:6      | Received a gift from Pakellas
  4459 | D:6      | Gained mutation: Scrolls take you a little longer to read. [potion of mutation]
  4459 | D:6      | Gained mutation: You have a somewhat thin skeletal structure. (Dex +2, Stealth) [potion of mutation]
  4459 | D:6      | Gained mutation: You evolve. [potion of mutation]
  4460 | D:6      | Lost mutation: Scrolls take you a little longer to read. [potion of cure mutation]
  4460 | D:6      | Lost mutation: You evolve. [potion of cure mutation]
  4645 | D:6      | Reached skill level 14 in Evocations
  4752 | D:6      | Found a white marble altar of Elyvilon.
  4912 | D:6      | Reached ** piety under Pakellas
  4912 | D:6      | Received a gift from Pakellas
  5096 | D:6      | Gained mutation: You passively map the area around you. [Deep Dwarf growth]
  5096 | D:6      | Reached XP level 9. HP: 47/69 MP: 18/18
  5235 | D:7      | Reached skill level 15 in Evocations
  5477 | D:7      | Noticed Menkaure
  5497 | D:7      | Killed Menkaure
  5593 | D:7      | Noticed Dowan
  5595 | D:7      | Noticed Duvessa
  5604 | D:7      | Killed Dowan
  5613 | D:7      | Killed Duvessa
  5901 | D:7      | Reached skill level 16 in Evocations
  6200 | D:8      | Found a shimmering altar of Xom.
  6237 | D:8      | Reached *** piety under Pakellas
  6237 | D:8      | Received a gift from Pakellas
  6255 | D:8      | Identified a scroll of acquirement
  6312 | D:8      | Reached skill level 17 in Evocations
  6333 | D:8      | Noticed Acetwo5's ghost (novice DEFE)
  6346 | D:8      | Killed Acetwo5's ghost
  6346 | D:8      | Reached XP level 10. HP: 30/76 MP: 8/20
  6441 | D:8      | Reached skill level 18 in Evocations
  6516 | D:8      | Found a shattered altar of Ashenzari.
  6542 | D:8      | Found a staircase to the Lair.
  6790 | D:8      | Noticed a rust devil
  6855 | D:8      | Noticed Maurice
  6878 | D:8      | Killed Maurice
  7214 | Lair:1   | Entered Level 1 of the Lair of Beasts
  7228 | Lair:1   | Noticed a spiny frog
  7240 | Lair:1   | Killed a spiny frog
  7240 | Lair:1   | Reached skill level 19 in Evocations
  7394 | Lair:1   | Noticed a spiny frog
  7403 | Lair:1   | Killed a spiny frog
  7444 | Lair:1   | Reached **** piety under Pakellas
  7444 | Lair:1   | Received a gift from Pakellas
  7665 | Lair:1   | Noticed an oklob plant
  7846 | Lair:1   | Killed an oklob plant
  8050 | Lair:1   | Reached skill level 20 in Evocations
  8198 | D:9      | Noticed Gastronok
  8222 | D:9      | Killed Gastronok
  8222 | D:9      | Reached XP level 11. HP: 49/82 MP: 4/23
  8324 | D:9      | Got a smoking glass ring
  8326 | D:9      | Identified the ring "Kasuy" {Fire -Tele Int-3 Dex+4 Slay+5} (You found it on level 9 of the Dungeon)
  8354 | D:9      | Found Gymenout's Assorted Antiques.
  8359 | D:9      | Bought a small zirconium amulet for 135 gold pieces
  9342 | D:9      | Reached skill level 21 in Evocations
  9544 | D:9      | Found an ancient bone altar of Kikubaaqudgha.
  9642 | D:10     | Entered Level 10 of the Dungeon
  9711 | D:10     | Found a glowing golden altar of the Shining One.
  9937 | D:10     | Noticed a hill giant
  9945 | D:10     | a hill giant changed into a swamp worm
 10047 | D:10     | Killed an unseen horror
 10187 | D:10     | Found a staircase to the Orcish Mines.
 10252 | D:10     | Reached skill level 22 in Evocations
 10425 | D:10     | Noticed a hill giant
 10455 | D:10     | Killed a hill giant
 11006 | D:9      | Bought a scroll of enchant armour for 202 gold pieces
 11173 | D:11     | Found a labyrinth entrance.
 11181 | D:11     | Noticed a hill giant
 11204 | D:11     | Killed a hill giant
 11219 | Lab      | Entered a labyrinth
 11257 | Lab      | Reached XP level 12. HP: 42/89 MP: 24/24
 11689 | Lab      | Reached ***** piety under Pakellas
 11689 | Lab      | Received a gift from Pakellas
 11758 | Lab      | Reached skill level 23 in Evocations
 13785 | Lab      | Noticed a minotaur
 13793 | Lab      | Noticed a spark wasp
 13793 | Lab      | a minotaur changed into a spark wasp
 13833 | Lab      | Killed a spark wasp
 13863 | Lab      | Got a faintly glowing pewter ring
 13865 | Lab      | Identified the ring "Bywkoiba" {Wiz rC+ Dex+4} (You found it in a labyrinth)
 13950 | Lab      | Identified the Almanac of Virous Hexes (You found it in a labyrinth)
 14366 | D:11     | Identified a +6 rod of shadows (14/14) (Pakellas gifted it to you in a labyrinth)
 14568 | D:11     | Reached skill level 24 in Evocations
 14850 | D:12     | Found Huiwij's General Store.
 15024 | D:12     | Found a portal to a secret trove of treasure.
 15027 | D:12     | Got a scorched golden ring
 15029 | D:12     | Identified the ring "Xumewn" {+Fly Int+3} (You found it on level 12 of the Dungeon)
 15466 | D:13     | Found Fuegh's Assorted Antiques.
 15472 | D:13     | Bought a runed quarterstaff for 88 gold pieces
 15653 | D:13     | Got an encrusted short sword
 15661 | D:13     | Identified the +6 short sword "Ygapaol" {vamp, rC+ MR+ Str-5 Int+3} (You found it on level 13 of the Dungeon)
 15720 | D:13     | Got a brightly glowing war axe
 15721 | D:13     | Identified the cursed +0 war axe of the Whelk {drain, rElec} (You found it on level 13 of the Dungeon)
 15954 | D:13     | Reached XP level 13. HP: 35/96 MP: 6/24
 16015 | D:13     | Reached skill level 25 in Evocations
 16073 | D:13     | Found a gate to the Vaults.
 17003 | D:14     | Noticed Frances
 17015 | D:14     | HP: 1/96 [Frances/shard of ice (55)]
 17016 | D:14     | Slain by a sixfirhy

Vault maps used:
D:1:      mrwooster_arrival_arrow
D:2:      old_standard_altar, ecumenical_altar_2, small_statue_intersection
D:3:      fedhas_altar_3, first_bread, uniq_iyjb, uniq_robin
D:4:      johnstein_pakellas_death_squad
D:5:      minmay_misc_feat_tower, minmay_joined_circles
D:6:      hangedman_cross_stitches, kennysheep_little_box
D:7:      grunt_ogre_cave, uniq_duvessa, uniq_menkaure
D:8:      xom_confusion_cloud, minmay_lair_entry_lava,
          nicolae_ashenzari_panopticon, uniq_maurice
D:9:      kennysheep_blocky_room, lemuel_mausoleum_altar_kikubaaqudgha,
          serial_shops, shop, uniq_gastronok
D:10:     kennysheep_steamy, kennysheep_orc_monster_closet_entryway, basic_altar
D:11:     lab_entry_generic, serial_glass, glass_columns_b, glass_columns_a,
          glass_columns_b, glass_columns_a, glass_columns_a, glass_columns_c,
          glass_columns_a, glass_columns_b, kennysheep_nub
D:12:     serial_shops, nicolae_shop_crystal, nicolae_trove_entry_crossroad,
          minmay_fountain_box
D:13:     erik_vaults_1, serial_shops, shop_fountains
D:14:     uniq_urug, uniq_louise, uniq_frances
Lair:1:   minmay_lair_oklob_bushes
Lair:2:   serial_bayou_pond_a
Lab:      labyrinth_mini_lab, nicolae_lab_swirl, nicolae_lab_big_swirl,
          nicolae_lab_grate_2, labyrinth_lava_lair, nicolae_lab_x,
          nicolae_lab_starburst, labyrinth_glass_1, lab_hedge,
          nicolae_lab_blocks, lab_block, nicolae_lab_lava, lab_fountain,
          labyrinth_skeletal_remains, lab_statue, nicolae_lab_do_over,
          nicolae_lab_grate, nicolae_lab_statue, nicolae_lab_arrow,
          nicolae_lab_quarters

Skill      XL: |  1  2  3  4  5  6  7  8  9 10 11 12 13 |
---------------+----------------------------------------+-----
Evocations     | 5 6 7 9 10 12 14 17 20 22 24 25 | 25.6
Fighting       | |  0.8
Short Blades   | |  0.8
Dodging        | |  2.1
Stealth        | |  1.2

Action                   |  1- 3 |  4- 6 |  7- 9 | 10-12 | 13-15 || total
-------------------------+-------+-------+-------+-------+-------++-------
Melee: Short sword       |   153 |    10 |       |    26 |       ||   189
       Dagger            |   222 |    68 |       |       |       ||   290
       Trident           |       |    79 |       |       |       ||    79
       Falchion          |       |     9 |       |    62 |    67 ||   138
       Spear             |       |     7 |   373 |  1256 |   209 ||  1845
Invok: Quick Charge      |       |       |     4 |    28 |    13 ||    45
 Abil: Device Recharging |       |     1 |     1 |     3 |     1 ||     6
       Evoke Flight      |       |       |       |     1 |       ||     1
Evoke: Wand              |     6 |    21 |    27 |   151 |    43 ||   248
  Use: Scroll            |     9 |     9 |    11 |    18 |       ||    47
       Potion            |     2 |     3 |     2 |     5 |     4 ||    16
 Stab: Sleeping          |     4 |       |       |       |       ||     4
       Distracted        |       |     1 |       |       |     1 ||     2
       Betrayed ally     |       |       |       |     1 |       ||     1
  Eat: Chunk             |     4 |     5 |     9 |    11 |     2 ||    31
       Bread ration      |       |       |       |    13 |       ||    13
       Meat ration       |       |       |       |     6 |     3 ||     9
       Pizza             |       |       |       |     3 |       ||     3
       Fruit             |       |       |       |     2 |       ||     2
       Royal jelly       |       |       |       |     1 |       ||     1
       Beef jerky        |       |       |       |     1 |       ||     1
Armor: Leather armour    |   172 |    42 |       |       |       ||   214
       Ring mail         |       |    23 |       |       |       ||    23
       Chain mail        |       |    14 |   354 |  1144 |   127 ||  1639
Dodge: Dodged            |   326 |   100 |   198 |   280 |    26 ||   930
Block: Buckler           |       |       |    42 |   194 |       ||   236
       Large shield      |       |       |       |   352 |   240 ||   592
